 Dungeon Crawl Stone Soup version 0.26.0-45-g9c1d065592 (webtiles) character file.

Game seed: 3296954635333585011

(classic levelgen) 346 thiole the Stinger (level 6, -23/39 HPs)
             Began as an Octopode Venom Mage on Jan 30, 2021.
             Was an Initiate of Gozag.
             Annihilated by an ogre
             ... wielding a +0 giant club
              (27 damage)
             ... on level 5 of the Dungeon.
             The game lasted 00:05:22 (5311 turns).

thiole the Stinger (Octopode Venom Mage)            Turns: 5311, Time: 00:05:23

Health: -23/39     AC:  1    Str: 10    XL:     6   Next: 59%
Magic:  7/10       EV: 13    Int: 23    God:    Gozag
Gold:   221        SH:  4    Dex:  8    Spells: 3/10 levels left

rFire    . . .     SeeInvis .   t - +2 rapier "Killer Klown's Curse" {vamp, rN+ Str+3 Int+3 Dex-4} (curse)
rCold    . . .     Faith    .   j - +0 buckler
rNeg     + . .     Spirit   .   (helmet restricted)
rPois    .         Reflect  .   r - amulet of magic regeneration
rElec    .         Harm     .   (no ring)
rCorr    .         Rampage  .   (no ring)
Will     .....                  (no ring)
Stlth    +++.......             (no ring)
HPRegen  0.13/turn              (no ring)
MPRegen  0.37/turn              (no ring)
                                (no ring)
                                (no ring)

@: very slightly contaminated
A: almost no armour, stealthy swim, amphibious, 8 rings, constrict 8, camouflage
1, gelatinous body 1
a: Renounce Religion, Potion Petition, Call Merchant, Bribe Branch


You were on level 5 of the Dungeon.
You worshipped Gozag.
Gozag was aware of your devotion.
You visited 1 branch of the dungeon, and saw 5 of its levels.

You collected 304 gold pieces.
You paid 83 gold pieces to Gozag.

Inventory:

Hand Weapons
 f - a +0 dagger of holy wrath
 t - the cursed +2 rapier "Killer Klown's Curse" (weapon) {vamp, rN+ Str+3 Int+3 Dex-4}
   (You found it on level 4 of the Dungeon)

   It inflicts no extra harm, but heals its wielder when it wounds a living foe.
   It affects your strength (+3).
   It affects your intelligence (+3).
   It affects your dexterity (-4).
   It protects you from negative energy.
   It has a curse placed upon it.
Armour
 j - a +0 buckler (worn)
Jewellery
 r - an amulet of magic regeneration (around mantle)
Wands
 s - a wand of random effects (18)
Scrolls
 b - a scroll of enchant armour {unknown}
 c - 2 scrolls of noise {unknown}
 e - a scroll of enchant weapon {unknown}
 h - 3 scrolls of teleportation {unknown}
 l - a scroll of fear {unknown}
 m - 6 scrolls of remove curse {unknown}
 p - 4 scrolls of identify {unknown}
Potions
 a - 2 potions of heal wounds
 d - a potion of invisibility {unknown}
 g - a potion of attraction {unknown}
 i - 3 potions of mutation {unknown}
 k - 2 potions of curing {unknown}
 n - 2 potions of berserk rage {unknown}
 o - a potion of degeneration {unknown}
 q - a potion of haste


   Skills:
 - Level 2.0 Fighting
 - Level 2.1 Dodging
 - Level 4.0 Stealth
 - Level 4.0 Shields
 * Level 2.8 Spellcasting
 - Level 1.2 Transmutations
 - Level 5.0 Poison Magic


You had 3 spell levels left.
You knew the following spells:

 Your Spells              Type           Power        Failure   Level
a - Sting                 Tmut/Pois      68%          3%          1
b - Mephitic Cloud        Conj/Pois/Air  10%          19%         3
c - Ignite Poison         Fire/Tmut/Pois 12%          16%         3

Your spell library contained the following spells:

 Spells                   Type           Power        Failure   Level
 Poisonous Vapours        Pois/Air       28%          6%          2
 Olgreb's Toxic Radiance  Pois           26%          16%         4


Dungeon Overview and Level Annotations

Branches:
Dungeon (5/15)             Temple (0/1) D:4

Altars:
Gozag


Innate Abilities, Weirdness & Mutations

You cannot wear most types of armour.
You are very stealthy in the water. (Stealth+)
You are amphibious.
You can wear up to eight rings at the same time.
You can use your tentacles to constrict eight enemies at once.
Your skin changes colour to match your surroundings (Stealth+).
Your rubbery body absorbs attacks. (AC +1, EV +1)


Message History

Aim: an ogre, wielding a +0 giant club (lightly wounded) That beam is likely to hit you.
Continue anyway? [Y]es or [N]o only, please.
That beam is likely to hit you.
Continue anyway?
Okay, then.
Casting: Mephitic Cloud (quite dangerous; 19% risk of failure)
Confirm with . or Enter, or press ? or * to list all spells.
The spell is quite dangerous to cast (19% risk of failure)!
Continue anyway?
Aiming: Mephitic Cloud (quite dangerous; 19% risk of failure)
Press: ? - help, Shift-Dir - straight line, f/p - ogre
Aim: an ogre, wielding a +0 giant club (lightly wounded) That beam is likely to hit you.
Continue anyway?
You miscast Mephitic Cloud.
You are very lightly contaminated with residual magic.
There is a short, sharp shower of sparks!
* * * LOW HITPOINT WARNING * * *
The ogre hits you with a +0 giant club!!
Ouch! That really hurt!
You die...
Your body crumbles into a pile of gold.

#.#
#.#
#.#
#.#
#.#
#.#
#.#
#O#
#@#
#.#
#<#
###


You could see an ogre.

Vanquished Creatures
  A bullfrog (D:5)
  An orc wizard (D:4)
  2 worker ants (D:4)
  A hound skeleton (D:4)
  5 gnolls
  7 adders
  An ooze (D:3)
  An adder skeleton (D:3)
  2 dart slugs (D:1)
  2 leopard geckos (D:4)
  5 orcs (D:4)
  6 bats
  6 giant cockroaches
  5 goblins
  7 hobgoblins
  8 jackals
  8 frilled lizards
  5 kobolds
  A quokka skeleton (D:3)
  6 rats (D:3)
80 creatures vanquished.

Notes
Turn   | Place    | Note
-------+----------+-------------------------------------------
     0 | D:1      | thiole the Octopode Venom Mage began the quest for the Orb.
     0 | D:1      | Reached XP level 1. HP: 11/11 MP: 3/3
   109 | D:1      | Reached XP level 2. HP: 17/17 MP: 1/5
   191 | D:1      | Reached skill level 4 in Poison Magic
   434 | D:1      | Reached skill level 1 in Fighting
   434 | D:1      | Reached XP level 3. HP: 6/23 MP: 0/6
  2185 | D:2      | Reached skill level 1 in Shields
  2185 | D:2      | Reached XP level 4. HP: 29/29 MP: 1/7
  3022 | D:3      | Reached skill level 5 in Poison Magic
  3022 | D:3      | Reached XP level 5. HP: 34/34 MP: 4/8
  3872 | D:4      | Found a staircase to the Ecumenical Temple.
  4399 | D:4      | Reached XP level 6. HP: 16/39 MP: 4/9
  4729 | D:4      | Found an opulent altar of Gozag.
  4776 | D:4      | Became a worshipper of Gozag Ym Sagoz the Greedy
  5054 | D:4      | Got a crude rapier
  5055 | D:4      | Identified the cursed +2 rapier "Killer Klown's Curse"
                  | {vamp, rN+ Str+3 Int+3 Dex-4} (You found it on level 4 of
                  | the Dungeon)
  5193 | D:4      | Learned a level 3 spell: Mephitic Cloud
  5197 | D:4      | Learned a level 3 spell: Ignite Poison
  5231 | D:5      | Entered Level 5 of the Dungeon
  5311 | D:5      | Annihilated by an ogre

Illustrated notes

Levels and vault maps discovered:
D:1:      saegor_arrival_simple_b, layout_loops_ring
D:2:      layout_basic, serial_glass, glass_columns_a, glass_columns_c,
          small_statue_intersection
D:3:      layout_rooms
D:4:      layout_basic, minmay_temple_entry_steel_oval, grunt_gozag_breadcrumbs
D:5:      layout_basic, serial_shops, shop

Skill      XL: |  1  2  3  4  5  6 |
---------------+-------------------+-----
Poison Magic   | 4 5 |  5.0
Fighting       | 1 2 |  2.0
Shields        | 1 2 4 |  4.0
Stealth        | 3 4 |  4.0
Dodging        | |  2.1
Spellcasting   | |  2.8
Transmutations | |  1.2

Action                   |  1- 3 |  4- 6 || total
-------------------------+-------+-------++-------
Melee: Unarmed           |    16 |       ||    16
       Constrict         |    10 |    16 ||    26
       Tentacles         |     2 |    11 ||    13
       Dagger            |     7 |    55 ||    62
       Rapier            |       |     5 ||     5
 Cast: Sting             |    64 |    89 ||   153
  Use: Potion            |     1 |       ||     1
 Stab: Sleeping          |       |     2 ||     2
Armor: Skin              |     7 |     6 ||    13
Dodge: Dodged            |    34 |    45 ||    79
Block: Buckler           |     1 |    15 ||    16
